 Seeded DCSS version 0.31-a0-664-g902f515a81 (webtiles) character file.

Game seed: 784279740803775113 (custom seed)

113 CarvArkoylaein the Tainter (level 4, 32/32 HPs)
             Began as a Gnoll Wanderer on Sept 2, 2023.
             Quit the game on level 3 of the Dungeon.
             The game lasted 00:12:03 (1390 turns).

CarvArkoylaein the Tainter (Gnoll Wanderer)         Turns: 1390, Time: 00:12:04

Health: 32/32      AC:  6    Str:  9    XL:     4   Next: 96%
Magic:  8/8        EV: 10    Int: 11    God:
Gold:   60         SH:  0    Dex: 16    Spells: 8/9 levels left

rFire   . . .        d - +0 short sword (venom)
rCold   . . .        (no shield)
rNeg    . . .        b - +0 ring mail
rPois   .            (no helmet)
rElec   .            (no cloak)
rCorr   .            m - +0 pair of gloves
SInv    .            (no boots)
Will    .....        (no amulet)
Stlth   ++           (no ring)
HPRegen 0.25/turn    (no ring)
MPRegen 0.11/turn

%: no passive effects
@: no status effects
A: fangs 1, strong nose, distributed training
a: no special abilities


You were on level 3 of the Dungeon.
You visited 1 branch of the dungeon, and saw 3 of its levels.

You collected 60 gold pieces.

Inventory:

Hand Weapons
 a - a +0 quarterstaff
 d - a +0 short sword of venom (weapon)
 h - a +1 war axe of holy wrath
Armour
 b - a +0 ring mail (worn)
 f - a +0 plate armour
 m - a +0 pair of gloves (worn)
Wands
 j - a wand of roots (12)
Scrolls
 c - a scroll of fear
 e - a scroll of identify
 i - a scroll of amnesia
 k - a scroll of vulnerability
Potions
 g - a potion of curing {unknown}
 n - a potion of mutation {unknown}


   Skills:
 + Level 1.3 Fighting
 + Level 1.3 Short Blades
 + Level 1.3 Long Blades
 + Level 1.3 Axes
 + Level 1.3 Maces & Flails
 + Level 1.3 Polearms
 + Level 4.7 Staves
 + Level 1.3 Ranged Weapons
 + Level 1.3 Throwing
 + Level 2.8 Armour
 + Level 1.3 Dodging
 + Level 2.6 Stealth
 + Level 1.3 Shields
 + Level 1.3 Unarmed Combat
 + Level 3.1 Spellcasting
 + Level 1.0 Conjurations
 + Level 1.0 Hexes
 + Level 1.0 Summonings
 + Level 1.0 Necromancy
 + Level 1.0 Translocations
 + Level 1.0 Transmutations
 + Level 1.0 Fire Magic
 + Level 1.0 Ice Magic
 + Level 1.0 Air Magic
 + Level 1.0 Earth Magic
 + Level 8.8 Poison Magic
 + Level 1.4 Invocations
 + Level 1.3 Evocations
 + Level 1.2 Shapeshifting


You had 8 spell levels left.
You knew the following spells:

 Your Spells              Type           Power      Damage    Failure   Level
a - Sting                 Tmut/Pois      48%        1d5       10%         1

Your spell library contained the following spells:

 Spells                   Type           Power      Damage    Failure   Level
 Poisonous Vapours        Pois/Air       24%        N/A       14%         2
 Olgreb's Toxic Radiance  Pois           21%        N/A       19%         4
 Magic Dart               Conj           16%        1d3       41%         1
 Ignite Poison            Fire/Tmut/Pois 9%         N/A       43%         3
 Mephitic Cloud           Conj/Pois/Air  9%         N/A       43%         3
 Call Imp                 Summ           8%         N/A       56%         2


Dungeon Overview and Level Annotations

Branches:
Dungeon (3/15)

Altars:


Innate Abilities, Weirdness & Mutations

You have very sharp teeth.
Your uncanny sense of smell can sniff out nearby items.
Your experience applies equally to all skills.


Message History

There is a stone staircase leading up here.
A ball python comes into view.
The ball python hisses angrily.
A ball python is nearby!
You closely miss the ball python. The ball python bites you.
The ball python grabs you. The ball python constricts you.
You barely miss the ball python.
The ball python bites you but does no damage.
The ball python constricts you.
You hit the ball python.
The ball python is poisoned.
The ball python is severely wounded.
You kill the ball python!
A kobold comes into view. It is wielding a +0 club.
The kobold shouts!
The kobold hits you with a +0 club.
You barely miss the kobold. Your bite misses the kobold.
The kobold hits you but does no damage.
You barely miss the kobold. You bite the kobold, but do no damage.
The kobold hits you but does no damage.
You barely miss the kobold. The kobold barely misses you.
You miss the kobold. The kobold closely misses you.
You hit the kobold.
The kobold is poisoned.
The kobold is severely wounded.
The kobold misses you.
You hit the kobold.
You kill the kobold!
Found a Young Poisoner's Handbook.
Things that are here:
a +0 club; a kobold corpse You pick up a Young Poisoner's Handbook and begin reading...
You add the spell Olgreb's Toxic Radiance to your library.
Done exploring.
Blink to where?
Press: ? - help, Dir - move target
Okay, then.
As you read the scroll labelled ESUCKE VUVOISCH, it crumbles to dust.
It was a scroll of blinking.
There is an escape hatch in the floor here.
There is a stone staircase leading up here.
Are you sure you want to abandon this character and quit the game? (Confirm with "yes".)

##################
#..†....>........#
#.##############.#
#.###### #.#
..>...<# #.#
#.####.# #@# #.#
#.# #.# #.# #.#
#.# #.# #.# #.#
#.# #.#
#######.##### ..#
#.# #...........#
### #.#
#.#####.###.# #.#
#.# #.# #.# #.#
#.# #.###.#


There were no monsters in sight!

Vanquished Creatures
  A hound (D:3)
  5 adders
  2 worms (D:3)
  A dart slug (D:3)
  An orc (D:3)
  2 ball pythons (D:3)
  3 endoplasms
  2 giant cockroaches (D:3)
  4 goblins
  A hobgoblin (D:1)
  6 bats
  A frilled lizard (D:3)
  3 kobolds
  A rat (D:3)
33 creatures vanquished.

Notes
Turn   | Place    | Note
-------+----------+-------------------------------------------
     0 | D:1      | CarvArkoylaein the Gnoll Wanderer began the quest for the
                  | Orb.
     0 | D:1      | CarvArkoylaein set off with the following items: a +0
                  | quarterstaff, a +0 ring mail, a scroll of fear; and the
                  | following spell memorised: Sting; and the following spells
                  | available to memorise: Poisonous Vapours, Ignite Poison.
     0 | D:1      | Reached XP level 1. HP: 13/13 MP: 4/4
   161 | D:2      | Reached XP level 2. HP: 19/19 MP: 5/5
   292 | D:3      | Reached XP level 3. HP: 18/25 MP: 7/7
   324 | D:3      | Reached skill level 1 in Fighting
   324 | D:3      | Reached skill level 1 in Short Blades
   324 | D:3      | Reached skill level 1 in Long Blades
   324 | D:3      | Reached skill level 1 in Axes
   324 | D:3      | Reached skill level 1 in Maces & Flails
   324 | D:3      | Reached skill level 1 in Polearms
   324 | D:3      | Reached skill level 1 in Ranged Weapons
   324 | D:3      | Reached skill level 1 in Throwing
   324 | D:3      | Reached skill level 1 in Dodging
   324 | D:3      | Reached skill level 1 in Shields
   324 | D:3      | Reached skill level 1 in Unarmed Combat
   324 | D:3      | Reached skill level 1 in Invocations
   324 | D:3      | Reached skill level 1 in Evocations
   324 | D:3      | Reached skill level 1 in Shapeshifting
   324 | D:3      | Reached XP level 4. HP: 9/32 MP: 6/8
   541 | D:3      | Reached skill level 1 in Conjurations
   541 | D:3      | Reached skill level 1 in Hexes
   541 | D:3      | Reached skill level 1 in Summonings
   541 | D:3      | Reached skill level 1 in Necromancy
   541 | D:3      | Reached skill level 1 in Translocations
   541 | D:3      | Reached skill level 1 in Transmutations
   541 | D:3      | Reached skill level 1 in Fire Magic
   541 | D:3      | Reached skill level 1 in Ice Magic
   541 | D:3      | Reached skill level 1 in Air Magic
   541 | D:3      | Reached skill level 1 in Earth Magic
  1390 | D:3      | Quit the game

Illustrated notes

Levels and vault maps discovered:
D:1:      spicycebolla_green_bress_n_ham_2, layout_basic
D:2:      layout_basic, chequers_serial_rivers_small_a, uniq_natasha
D:3:      layout_loops_ring

Skill      XL: |  1  2  3  4 |
---------------+-------------+-----
Fighting       | 1 |  1.3
Short Blades   | 1 |  1.3
Long Blades    | 1 |  1.3
Axes           | 1 |  1.3
Maces & Flails | 1 |  1.3
Polearms       | 1 |  1.3
Ranged Weapons | 1 |  1.3
Throwing       | 1 |  1.3
Dodging        | 1 |  1.3
Shields        | 1 |  1.3
Unarmed Combat | 1 |  1.3
Invocations    | 1 |  1.4
Evocations     | 1 |  1.3
Shapeshifting  | 1 |  1.2
Spellcasting   | 3 |  3.1
Conjurations   | 1 |  1.0
Hexes          | 1 |  1.0
Summonings     | 1 |  1.0
Necromancy     | 1 |  1.0
Translocations | 1 |  1.0
Transmutations | 1 |  1.0
Fire Magic     | 1 |  1.0
Ice Magic      | 1 |  1.0
Air Magic      | 1 |  1.0
Earth Magic    | 1 |  1.0
Staves         | |  4.7
Armour         | |  2.8
Stealth        | |  2.6
Poison Magic   | |  8.8

Action                     |  1- 3 |  4- 6 || total
---------------------------+-------+-------++-------
  Melee: Quarterstaff      |     8 |       ||     8
         Short sword       |    41 |    60 ||   101
         Bite              |     3 |     5 ||     8
         Punch             |       |     1 ||     1
   Cast: Sting             |     6 |     2 ||     8
    Use: Scroll            |       |     5 ||     5
   Stab: Sleeping          |     1 |     1 ||     2
 Armour: Ring mail         |    35 |    41 ||    76
  Dodge: Dodged            |    22 |    38 ||    60

Table legend: (Time is in decaauts)
 A = Elapsed time spent in this place.
 B = Non-inter-level travel time spent in this place.
 C = Inter-level travel time spent in this place.
 D = Time resting spent in this place.
 E = Time spent auto-exploring this place.
 F = Levels seen in this place.
 G = Mean time per level.
                   A        B        C        D        E       F      G
               +--------+--------+--------+--------+--------+-----+--------+
         Total |   1386 |    888 |    498 |    156 |    454 |   3 |  462.0 |
       Dungeon |   1386 |    888 |    498 |    156 |    454 |   3 |  462.0 |
               +--------+--------+--------+--------+--------+-----+--------+

Top non-repeatable levels by time:
     D:3: 1148 daAuts
     D:1: 156 daAuts
     D:2: 80 daAuts
